 Dungeon Crawl Stone Soup version 0.13-a0-3016-gcb2faac (webtiles) character file.

251 4tharraofdagon the Digger (level 4, -1/39 HPs)
             Began as a Troll Earth Elementalist on Sept 14, 2013.
             Killed by nerve-wracking pain
             ... invoked by Grinder
              (9 damage)
             ... while paralysed by Grinder
             ... on Level 5 of the Dungeon.
             The game lasted 00:04:07 (619 turns).

4tharraofdagon the Digger (Troll Earth Elementalist) Turns: 619, Time: 00:04:07

HP  -1/39        AC  5     Str 17      XL: 4   Next: 58%
MP   5/5         EV  1     Int 11      God:
Gold 143         SH  0     Dex 10      Spells:  2 memorised,  2 levels left

Res.Fire  : . . .   See Invis. : .     - Unarmed
Res.Cold  : . . .   Warding    : .   c - +0 robe
Life Prot.: . . .   Conserve   : .   (shield restricted)
Res.Poison: .       Res.Corr.  : .   (helmet restricted)
Res.Elec. : .       Clarity    : .   (no cloak)
Sust.Abil.: . .     Spirit.Shd : .   (gloves unavailable)
Res.Mut.  : .       Stasis     : .   (boots unavailable)
Res.Rott. : .       Flight     : .   (no amulet)
Gourmand  : +                        (no ring)
                                     (no ring)

@: paralysed, slightly resistant to hostile enchantments, unstealthy
A: unfitting armour, claws 3, fast metabolism 3, gourmand, regeneration 2,
saprovore 2, tough skin 2, AC +1
a: no special abilities


You were on level 5 of the Dungeon.
You were completely stuffed.

You visited 1 branch of the dungeon, and saw 5 of its levels.

You collected 123 gold pieces.

Inventory:

Missiles
 b - 54 stones (quivered)
 i - 6 poisoned darts
Armour
 c - a +0 robe (worn)
Comestibles
 a - 5 meat rations
 m - a bread ration
 q - 2 chunks of orc flesh
Scrolls
 e - a scroll of enchant weapon II {unknown}
 f - a scroll of identify {unknown}
 g - 2 scrolls of enchant armour {unknown}
 j - a scroll of random uselessness {unknown}
 k - a scroll of amnesia {unknown}
 l - a scroll of recharging {unknown}
 n - a scroll of curse weapon {unknown}
 o - a scroll of blinking {unknown}
Jewellery
 h - an uncursed amulet of conservation {unknown}
Potions
 p - a potion of brilliance
Books
 d - a book of Geomancy

   Spells                             Type                      Level
   *Sandblast                         Earth                        1
   *Stoneskin                         Transmutation/Earth          2
   Passwall                           Transmutation/Earth          3
   Stone Arrow                        Conjuration/Earth            3
   Petrify                            Transmutation/Earth          4
   Lee's Rapid Deconstruction         Earth                        5


   Skills:
 + Level 1.4 Fighting
 - Level 1.5 Dodging
 - Level 1.1 Stealth
 * Level 2.8 Unarmed Combat
 + Level 1.2 Spellcasting
 + Level 1.1 Transmutations
 + Level 3.0 Earth Magic


You had 2 spell levels left.
You knew the following spells:

 Your Spells              Type           Power        Failure   Level  Hunger
a - Sandblast             Erth           #.....       12%         1    ##.....
b - Stoneskin             Trmt/Erth      #.........   24%         2    ###....


Dungeon Overview and Level Annotations

Branches:
Dungeon (5/27)
 Temple: D:4-7

Altars:

Shops:
D:4 /

Annotations:
D:5 Grinder


Innate Abilities, Weirdness & Mutations

You are too large for most types of armour.
You have claws for hands.
Your metabolism is lightning-fast.
You like to eat raw meat.
You heal very quickly.
You can eat rotten meat.
You are covered in fur (AC +1).
You have very tough skin (AC +2).


Message History

Read which item? (? for menu, Esc to quit)
Okay, then.
Grinder gestures at you. Pain shoots through your body!
* * * LOW HITPOINT WARNING * * *
Unknown command.
Unknown command.
Unknown command.
Unknown command.
You hit Grinder.
Grinder is severely wounded.
Grinder gestures at you.
You suddenly lose the ability to move!
Grinder gestures at you. You resist.
Grinder gestures.
Grinder blinks!
Grinder gestures at you. Pain shoots through your body!
You die...

#.(.....#
#..).<.#
#......#
###....##
###.....####
#..........#
#..........#
#..........#
#####...@..#
#..5.ยง...#
#........#
#.......##
##.......#
#........#
#......###
#.......
..........


You could see Grinder.

Vanquished Creatures
  A hound (D:4)
  A worker ant (D:4)
  2 adders
  A giant gecko (D:4)
  5 orcs
  A ball python (D:2)
  2 bats (D:4)
  5 hobgoblins (D:2)
  A jackal (D:2)
  2 giant newts
  4 goblins
  An orc skeleton (D:4)
  A rat (D:2)
27 creatures vanquished.

Notes
Turn   | Place    | Note
--------------------------------------------------------------
     0 | D:1      | 4tharraofdagon, the Troll Earth Elementalist, began the quest for the Orb.
     0 | D:1      | Reached XP level 1. HP: 16/16 MP: 3/3
   178 | D:2      | Reached skill level 1 in Fighting
   178 | D:2      | Reached skill level 1 in Unarmed Combat
   178 | D:2      | Reached XP level 2. HP: 24/24 MP: 3/3
   253 | D:2      | Learned a level 2 spell: Stoneskin
   304 | D:3      | Reached XP level 3. HP: 25/31 MP: 4/4
   470 | D:4      | Found Quoc's Magical Wand Shop.
   499 | D:4      | Reached skill level 1 in Transmutations
   499 | D:4      | Reached XP level 4. HP: 15/39 MP: 5/5
   501 | D:4      | Reached skill level 3 in Earth Magic
   542 | D:4      | Noticed an ogre
   552 | D:5      | Entered Level 5 of the Dungeon
   571 | D:5      | Noticed Grinder
   575 | D:5      | Paralysed by Grinder for 7 turns
   593 | D:5      | Paralysed by Grinder for 2 turns
   616 | D:5      | Paralysed by Grinder for 7 turns
   619 | D:5      | Killed from afar by Grinder

Action                   |  1- 3 |  4- 6 || total
-------------------------+-------+-------++-------
Melee: Unarmed           |    91 |    20 ||   111
  Use: Potion            |     2 |       ||     2
